PBL
WASHINGTON NATIONALS @ MONTREAL EXPOS
08/10/2071
 
TOP OF THE 1ST
Washington Nationals batting - Pitching for Montreal Expos : LHP Larry West
Pitching: LHP Larry West
Batting: RHB Cisco Jiménez 0-0: Fly out, F9 (Flyball, 89S, EV 87.5 MPH)
Batting: RHB Shao-qi Ng 0-0: Ball
1-0: Foul Ball, location: 5F
1-1: Ball
2-1: SINGLE (Flyball, 89M, EV 93.8 MPH)
Batting: RHB Aureliano Cervantes 0-0: DOUBLE (Line Drive, 89XD, EV 107.5 MPH)
Shao-qi Ng to third
Runner from 3rd tries for Home, throw by RF and OUT! 9-4-2
Batting: RHB Francisco Lafrosia 0-0: Ball
1-0: Ball
2-0: Ball
3-0: Called Strike
3-1: Swinging Strike
3-2: Ground out 4-3 (Groundball, 4, EV 107.5 MPH)
Top of the 1st over - 0 runs, 2 hits, 0 errors, 1 left on base; Washington 0 - Montreal 0
BOTTOM OF THE 1ST
Montreal Expos batting - Pitching for Washington Nationals : RHP Billy Kemper
Pitching: RHP Billy Kemper
Batting: SHB Paul Colbourne 0-0: Ball
1-0: Ground out 6-3 (Groundball, 6, EV 84.4 MPH)
Batting: RHB Robin Lewis 0-0: Called Strike
0-1: Ball
1-1: SINGLE (Line Drive, 89S, EV 87.5 MPH)
Batting: LHB Don Bullock 0-0: Swinging Strike
0-1: Swinging Strike
Pickoff Throw by Catcher to First - Error! E2
Robin Lewis to second
0-2: Strikes out looking
Batting: RHB Henry Treleaven 0-0: Ball
1-0: Called Strike
1-1: Fly out, F7 (Flyball, 78S, EV 91.9 MPH)
Bottom of the 1st over - 0 runs, 1 hit, 1 error, 1 left on base; Washington 0 - Montreal 0
TOP OF THE 2ND
Washington Nationals batting - Pitching for Montreal Expos : LHP Larry West
Batting: RHB Rusty Tucker 0-0: Ball
1-0: Swinging Strike
1-1: Ground out 6-3 (Groundball, 6, EV 84.4 MPH)
Batting: RHB Logan O'Neill 0-0: Ball
1-0: Swinging Strike
1-1: Swinging Strike
1-2: Strikes out looking
Batting: LHB Gabriel Chacón 0-0: DOUBLE (Flyball, 7LD, EV 111.3 MPH)
Batting: RHB Gabriel Morán 0-0: Fly out, F2 (Popup, 15S, EV 85.0 MPH)
Top of the 2nd over - 0 runs, 1 hit, 0 errors, 1 left on base; Washington 0 - Montreal 0
BOTTOM OF THE 2ND
Montreal Expos batting - Pitching for Washington Nationals : RHP Billy Kemper
Batting: RHB Pedro Bautista 0-0: Called Strike
0-1: Ball
1-1: Called Strike
1-2: Ball
2-2: Ground out 1-3 (Groundball, 13S, EV 65.0 MPH)
Batting: RHB Felipe Rivas 0-0: Called Strike
0-1: Ground out 4-3 (Groundball, 34, EV 101.9 MPH)
Batting: LHB Mike Downs 0-0: Ball
1-0: Ground out 6-3 (Groundball, 6D, EV 102.5 MPH)
Bottom of the 2nd over - 0 runs, 0 hits, 0 errors, 0 left on base; Washington 0 - Montreal 0
TOP OF THE 3RD
Washington Nationals batting - Pitching for Montreal Expos : LHP Larry West
Batting: RHB José Guzmán 0-0: SOLO HOME RUN (Flyball, 8LXD, EV 111.9 MPH), Distance : 441 ft
Batting: RHB Cisco Jiménez 0-0: Called Strike
0-1: Called Strike
0-2: TRIPLE (Line Drive, 9LD, EV 110.0 MPH)
Batting: RHB Shao-qi Ng 0-0: Fly out, F8 (Flyball, 8RD, EV 93.8 MPH)
Runner from 3rd tags up, SCORES, throw by CF
Batting: RHB Aureliano Cervantes 0-0: Foul Ball, location: 5FF
0-1: Ball
1-1: Swinging Strike
1-2: Foul Ball, location: 3F
1-2: Foul Ball, location: 3FF
1-2: Foul Ball, location: 2F
1-2: SINGLE (Groundball, 5D, EV 96.3 MPH)
Batting: RHB Francisco Lafrosia 0-0: Ball
1-0: Ball
2-0: Called Strike
2-1: Foul Ball, location: 23F
2-2: Fly out, F8 (Flyball, 89M, EV 95.6 MPH)
Batting: RHB Rusty Tucker 0-0: Called Strike
0-1: Called Strike
0-2: Strikes out swinging
Top of the 3rd over - 2 runs, 3 hits, 0 errors, 1 left on base; Washington 2 - Montreal 0
BOTTOM OF THE 3RD
Montreal Expos batting - Pitching for Washington Nationals : RHP Billy Kemper
Batting: RHB Roy López 0-0: Called Strike
0-1: Ground out 3-1 (Groundball, 34, EV 105.0 MPH)
Batting: RHB Andrew Martínez 0-0: Ball
1-0: Foul Ball, location: 9LMF
1-1: Ball
2-1: Ground out U3 (Groundball, 34, EV 87.5 MPH)
Batting: SHB Paul Colbourne 0-0: Foul Ball, location: 3DF
0-1: Ball
1-1: Swinging Strike
1-2: Foul Ball, location: 23F
1-2: Ball
2-2: Ball
3-2: Base on Balls
Batting: RHB Robin Lewis 0-0: Ball
1-0: Fly out, F6 (Line Drive, 6M, EV 69.4 MPH)
Bottom of the 3rd over - 0 runs, 0 hits, 0 errors, 1 left on base; Washington 2 - Montreal 0
TOP OF THE 4TH
Washington Nationals batting - Pitching for Montreal Expos : LHP Larry West
Batting: RHB Logan O'Neill 0-0: Ball
1-0: Ball
2-0: Fly out, F4 (Popup, 4, EV 53.1 MPH)
Batting: LHB Gabriel Chacón 0-0: Foul Ball, location: 25FF
0-1: SINGLE (Line Drive, 4MD, EV 98.1 MPH)
Batting: RHB Gabriel Morán 0-0: Ball
1-0: Called Strike
1-1: Ball
Gabriel Chacón steals 2nd base
2-1: Ball
3-1: Fly out, F8 (Flyball, 89D, EV 110.0 MPH)
Batting: RHB José Guzmán 0-0: Foul Ball, location: 9LSF
0-1: Swinging Strike
0-2: Strikes out looking
Top of the 4th over - 0 runs, 1 hit, 0 errors, 1 left on base; Washington 2 - Montreal 0
BOTTOM OF THE 4TH
Montreal Expos batting - Pitching for Washington Nationals : RHP Billy Kemper
Batting: LHB Don Bullock 0-0: Called Strike
0-1: Fly out, F9 (Line Drive, 8RD, EV 91.3 MPH)
Batting: RHB Henry Treleaven 0-0: Ball
1-0: Foul Ball, location: 7LMF
1-1: Ball
2-1: Foul Ball, location: 2F
2-2: Foul Ball, location: 3F
2-2: Foul Ball, location: 2F
2-2: Ball
3-2: Base on Balls
Batting: RHB Pedro Bautista 0-0: Called Strike
0-1: Called Strike
Henry Treleaven steals 2nd base
0-2: Ball
1-2: Ground out 4-3 (Groundball, 4S, EV 67.5 MPH)
Henry Treleaven to third
Batting: RHB Felipe Rivas 0-0: Swinging Strike
0-1: Ball
1-1: Swinging Strike
1-2: Ball
2-2: Fly out, F9 (Flyball, 9, EV 91.3 MPH)
Bottom of the 4th over - 0 runs, 0 hits, 0 errors, 1 left on base; Washington 2 - Montreal 0
TOP OF THE 5TH
Washington Nationals batting - Pitching for Montreal Expos : LHP Larry West
Batting: RHB Cisco Jiménez 0-0: Ball
1-0: Ball
2-0: Ball
3-0: Called Strike
3-1: Base on Balls
Batting: RHB Shao-qi Ng 0-0: Ball
1-0: Swinging Strike
1-1: Ball
2-1: SINGLE (Line Drive, 56D, EV 108.8 MPH)
Cisco Jiménez to second
Batting: RHB Aureliano Cervantes 0-0: Foul Ball, location: 5DF
0-1: Ball
1-1: Ball
2-1: Foul Ball, location: 2F
2-2: Foul Ball, location: 3FF
2-2: Fielders Choice at 2nd, 4-6 (Groundball, 4, EV 103.8 MPH)
Cisco Jiménez to third
Batting: RHB Francisco Lafrosia 0-0: Ball
1-0: Called Strike
1-1: Called Strike
1-2: Ball
2-2: Strikes out swinging
Batting: RHB Rusty Tucker 0-0: Ball
1-0: Swinging Strike
1-1: Fly out, F7 (Flyball, 7D, EV 93.8 MPH)
Top of the 5th over - 0 runs, 1 hit, 0 errors, 2 left on base; Washington 2 - Montreal 0
BOTTOM OF THE 5TH
Montreal Expos batting - Pitching for Washington Nationals : RHP Billy Kemper
Batting: LHB Mike Downs 0-0: Foul Ball, location: 5DF
0-1: Called Strike
0-2: Strikes out swinging
Batting: RHB Roy López 0-0: Ball
1-0: Ball
2-0: Ball
3-0: Called Strike
3-1: SINGLE (Line Drive, 9S, EV 84.4 MPH)
Batting: RHB Andrew Martínez 0-0: Ball
1-0: Ball
2-0: Ball
3-0: Base on Balls
Roy López to second
Batting: SHB Paul Colbourne 0-0: Swinging Strike
0-1: Ball
1-1: Fielders Choice at 2nd, 3-6 (Groundball, 3, EV 84.4 MPH)
Roy López to third
Batting: RHB Robin Lewis 0-0: Ball
1-0: SINGLE (Groundball, 6MD, EV 101.3 MPH)
Roy López scores
Paul Colbourne to second
Runner from 2nd tries for 3rd, SAFE, no throw by CF
Batting: LHB Don Bullock 0-0: Foul Ball, location: 23F
0-1: Ball
1-1: Called Strike
1-2: 3-RUN HOME RUN (Flyball, 9LD, EV 90.0 MPH), Distance : 335 ft
Batting: RHB Henry Treleaven 0-0: Ball
1-0: DOUBLE (Flyball, 9LD, EV 108.1 MPH)
Batting: RHB Pedro Bautista 0-0: Called Strike
0-1: Ball
1-1: Ground out 5-3 (Groundball, 5, EV 88.8 MPH)
Bottom of the 5th over - 4 runs, 4 hits, 0 errors, 1 left on base; Washington 2 - Montreal 4
TOP OF THE 6TH
Washington Nationals batting - Pitching for Montreal Expos : LHP Larry West
Pitching: LHP Juan Pérez
Batting: RHB Logan O'Neill 0-0: Ball
1-0: Ground out U3 (Groundball, 3, EV 91.9 MPH)
Batting: LHB Gabriel Chacón 0-0: Foul Ball, location: 23F
0-1: Ball
1-1: Swinging Strike
1-2: Foul Ball, location: 2F
1-2: Ball
2-2: Ball
3-2: SINGLE (Line Drive, 3D, EV 102.5 MPH)
Batting: RHB Gabriel Morán 0-0: Ball
1-0: DOUBLE (Line Drive, 9LM, EV 106.3 MPH)
Gabriel Chacón to third
Runner from 3rd tries for Home, SAFE, throw by RF to trailing runner, OUT at third! 9-3-5
Batting: RHB José Guzmán 0-0: Ball
1-0: Ball
2-0: Called Strike
2-1: Foul Ball, location: 5F
2-2: Ball
3-2: Base on Balls
Batting: RHB Cisco Jiménez 0-0: Ball
1-0: Called Strike
1-1: DOUBLE (Line Drive, 9LM, EV 98.1 MPH)
José Guzmán to third
Runner from 3rd tries for Home, SAFE, no throw by RF
Batting: RHB Shao-qi Ng 0-0: Ball
1-0: Called Strike
1-1: Foul Ball, location: 2F
1-2: Fly out, F9 (Flyball, 9LDF, EV 83.8 MPH)
Top of the 6th over - 2 runs, 3 hits, 0 errors, 1 left on base; Washington 4 - Montreal 4
BOTTOM OF THE 6TH
Montreal Expos batting - Pitching for Washington Nationals : RHP Billy Kemper
Batting: RHB Felipe Rivas 0-0: Foul Ball, location: 2F
0-1: Ball
1-1: Foul Ball, location: 2F
1-2: SINGLE (Line Drive, 56, EV 94.4 MPH)
Batting: LHB Mike Downs 0-0: Ball
1-0: Swinging Strike
1-1: Swinging Strike
1-2: Foul Ball, location: 9LMF
1-2: Strikes out looking
Pitching: RHP Luis López
Batting: RHB Roy López 0-0: Called Strike
0-1: Fly out, F4 (Line Drive, 4, EV 70.6 MPH)
Lined into DP, 4-3 (Line Drive, 4, EV 70.6 MPH)
Bottom of the 6th over - 0 runs, 1 hit, 0 errors, 0 left on base; Washington 4 - Montreal 4
TOP OF THE 7TH
Washington Nationals batting - Pitching for Montreal Expos : LHP Juan Pérez
Pitching: RHP Raúl Álvarez
Pinch Hitting: LHB Bailey Banks 0-0: Called Strike
0-1: Swinging Strike
0-2: Ball
1-2: Ball
2-2: Strikes out swinging
Batting: RHB Francisco Lafrosia 0-0: Fly out, F7 (Flyball, 7S, EV 88.1 MPH)
Batting: RHB Rusty Tucker 0-0: Ball
1-0: Foul Ball, location: 5F
1-1: Ball
2-1: Foul Ball, location: 2F
2-2: Foul Ball, location: 2F
2-2: Ball
3-2: Foul Ball, location: 9LSF
3-2: Foul Ball, location: 2F
3-2: Foul Ball, location: 3SF
3-2: Strikes out looking
Top of the 7th over - 0 runs, 0 hits, 0 errors, 0 left on base; Washington 4 - Montreal 4
BOTTOM OF THE 7TH
Montreal Expos batting - Pitching for Washington Nationals : RHP Luis López
Now at 3B: Gabriel Morán
Now at SS: Juan Díaz
Batting: RHB Andrew Martínez 0-0: Ball
1-0: Called Strike
1-1: Swinging Strike
1-2: Ground out 6-3 (Groundball, 6S, EV 92.5 MPH)
Batting: SHB Paul Colbourne 0-0: Foul Ball, location: 2F
0-1: Called Strike
0-2: Ball
1-2: Fly out, F6 (Popup, 6, EV 67.5 MPH)
Batting: RHB Robin Lewis 0-0: Ball
1-0: Foul Ball, location: 2F
1-1: Called Strike
1-2: Foul Ball, location: 5DF
1-2: Ball
2-2: Ball
3-2: Foul Ball, location: 2F
3-2: Ground out 3-1 (Groundball, 34S, EV 75.6 MPH)
Bottom of the 7th over - 0 runs, 0 hits, 0 errors, 0 left on base; Washington 4 - Montreal 4
TOP OF THE 8TH
Washington Nationals batting - Pitching for Montreal Expos : RHP Raúl Álvarez
Pinch Hitting: LHB Kyle Lynch 0-0: Swinging Strike
0-1: Ball
1-1: Foul Ball, location: 2LF
1-2: Ball
2-2: Strikes out swinging
Batting: LHB Gabriel Chacón 0-0: Called Strike
0-1: Ball
1-1: Called Strike
1-2: Strikes out swinging
Batting: RHB Gabriel Morán 0-0: Foul Ball, location: 7LSF
0-1: Ball
1-1: Ball
2-1: Ball
3-1: Fly out, F8 (Flyball, 8RM, EV 93.8 MPH)
Top of the 8th over - 0 runs, 0 hits, 0 errors, 0 left on base; Washington 4 - Montreal 4
BOTTOM OF THE 8TH
Montreal Expos batting - Pitching for Washington Nationals : RHP Luis López
Now in RF: Kyle Lynch
Batting: LHB Don Bullock 0-0: Fly out, F8 (Line Drive, 8RD, EV 86.3 MPH)
Pinch Hitting: LHB Armando Torres 0-0: Called Strike
0-1: Swinging Strike
0-2: Ball
1-2: Foul Ball, location: 2F
1-2: Foul Ball, location: 2F
1-2: Fly out, F4 (Popup, 34D, EV 51.3 MPH)
Batting: RHB Pedro Bautista 0-0: Fly out, F3 (Popup, 3S, EV 70.0 MPH)
Bottom of the 8th over - 0 runs, 0 hits, 0 errors, 0 left on base; Washington 4 - Montreal 4
TOP OF THE 9TH
Washington Nationals batting - Pitching for Montreal Expos : RHP Raúl Álvarez
Pitching: RHP Larry LeGrange
Now at SS: Armando Torres
Pinch Hitting: LHB Iemochi Sasaki 0-0: Ground out U3 (Groundball, 3, EV 86.9 MPH)
Batting: RHB Cisco Jiménez 0-0: Called Strike
0-1: Foul Ball, location: 5FF
0-2: Ground out 6-3 (Groundball, 6, EV 86.3 MPH)
Batting: RHB Shao-qi Ng 0-0: Ball
1-0: Called Strike
1-1: Foul Ball, location: 23F
1-2: Ball
2-2: Ball
3-2: Base on Balls
Batting: RHB Juan Díaz 0-0: Foul Ball, location: 7LDF
0-1: Fly out, F7 (Flyball, 7, EV 87.5 MPH)
Top of the 9th over - 0 runs, 0 hits, 0 errors, 1 left on base; Washington 4 - Montreal 4
BOTTOM OF THE 9TH
Montreal Expos batting - Pitching for Washington Nationals : RHP Luis López
Pitching: LHP Mitchell Hilson
Now at C: James Cantwell
Batting: RHB Felipe Rivas 0-0: Foul Ball, location: 9LSF
0-1: Ball
1-1: Fly out, F7 (Flyball, 7S, EV 95.6 MPH)
Batting: LHB Mike Downs 0-0: Ball
1-0: Called Strike
1-1: SINGLE (Flyball, 56D, EV 88.8 MPH)
Batting: RHB Roy López 0-0: Grounds into double play, 4-6-3 (Groundball, 4, EV 84.4 MPH)
Bottom of the 9th over - 0 runs, 1 hit, 0 errors, 0 left on base; Washington 4 - Montreal 4
TOP OF THE 10TH
Washington Nationals batting - Pitching for Montreal Expos : RHP Larry LeGrange
Batting: RHB Francisco Lafrosia 0-0: Fly out, F3 (Popup, 3SF, EV 71.3 MPH)
Batting: RHB Rusty Tucker 0-0: Ball
1-0: Ball
2-0: Called Strike
2-1: Ball
3-1: Base on Balls
Batting: LHB Kyle Lynch 0-0: Called Strike
0-1: Called Strike
0-2: Fly out, F8 (Flyball, 89D, EV 97.5 MPH)
Batting: LHB Gabriel Chacón 0-0: Ball
1-0: Swinging Strike
1-1: Called Strike
1-2: Foul Ball, location: 9LDF
1-2: Strikes out swinging
Top of the 10th over - 0 runs, 0 hits, 0 errors, 1 left on base; Washington 4 - Montreal 4
BOTTOM OF THE 10TH
Montreal Expos batting - Pitching for Washington Nationals : LHP Mitchell Hilson
Pitching: RHP Peter Smith
Batting: RHB Andrew Martínez 0-0: Ball
1-0: Ground out 4-3 (Groundball, 4S, EV 84.4 MPH)
Batting: SHB Paul Colbourne 0-0: Foul Ball, location: 7LMF
0-1: Ball
1-1: Ground out 6-3 (Groundball, 56, EV 106.9 MPH)
Batting: RHB Robin Lewis 0-0: Ball
1-0: Swinging Strike
1-1: TRIPLE (Flyball, 89XD, EV 99.4 MPH)
Batting: LHB Don Bullock 0-0: Ball
1-0: Ball
2-0: Ball
3-0: Called Strike
3-1: Base on Balls
Batting: LHB Armando Torres 0-0: Ball
Wild Pitch!
Robin Lewis scores
Bottom of the 10th over - 1 run, 1 hit, 0 errors, 1 left on base; Washington 4 - Montreal 5
Saturday, May 4th , 2024 - OOTP Baseball 24.10 Build 82